 Dungeon Crawl Stone Soup version 0.30.1-6-gbe392663c4 (webtiles) character file.

Game seed: 9034807682756398942

293 Cheops the Caller (level 6, 0/61 HPs)
             Began as a Merfolk Summoner on Sept 22, 2023.
             Slain by a lemure (1 damage)
             ... led by Pikel
             ... on level 5 of the Dungeon.
             The game lasted 00:13:12 (3167 turns).

Cheops the Caller (Merfolk Summoner)                Turns: 3167, Time: 00:13:12

Health: 0/61       AC:  3    Str:  8    XL:     6   Next: 33%
Magic:  6/10       EV: 12    Int: 16    God:
Gold:   250        SH:  0    Dex: 15    Spells: 2/11 levels left

rFire   . . .        a - +0 spear
rCold   . . .        (no shield)
rNeg    + . .        k - +0 robe
rPois   .            (no helmet)
rElec   .            (no cloak)
rCorr   .            (no gloves)
SInv    +            e - +0 pair of boots
Will    .....        (no amulet) Stlth
                     i - ring of see invisible
HPRegen 0.30/turn    o - ring of positive energy
MPRegen 0.12/turn

%: no passive effects
@: berserking (expiring), very quick
A: (nimble swimmer 2), mertail
a: no special abilities


You were on level 5 of the Dungeon.
You visited 1 branch of the dungeon, and saw 4 of its levels.
You also visited: Sewer.

You collected 250 gold pieces.

Inventory:

Hand Weapons
 a - a +0 spear (weapon)
 d - a +0 dagger
 t - a +0 broad axe
Armour
 e - a +0 pair of boots (worn)
 k - a +0 robe (worn)
Magical Staves
 b - a staff of earth
Jewellery
 i - a ring of see invisible (left hand)
 o - a ring of positive energy (right hand)
 p - a ring of flight
Scrolls
 c - a scroll of brand weapon
 j - a scroll of enchant weapon
Potions
 f - a potion of degeneration {unknown}
 g - a potion of curing {unknown}
 h - 2 potions of magic
 l - a potion of brilliance {unknown}
 m - a potion of haste
 n - a potion of might
 s - a potion of heal wounds


   Skills:
 - Level 2.6 Dodging
 - Level 2.1 Stealth
 - Level 3.0 Spellcasting
 + Level 0.2 Hexes
 * Level 6.9 Summonings


You had 2 spell levels left.
You knew the following spells:

 Your Spells              Type           Power      Damage    Failure   Level
C - Call Canine Familiar  Summ           24%        N/A       3%          3
G - Summon Guardian Gole  Hex/Summ       13%        N/A       13%         3
I - Call Imp              Summ           48%        N/A       1%          2
M - Summon Small Mammal   Summ           96%        N/A       1%          1

Your spell library contained the following spells:

 Spells                   Type           Power      Damage    Failure   Level
 Static Discharge         Conj/Air       4%         2-3/arc   28%         2
 Sublimation of Blood     Necr           2%         N/A       28%         2
 Wereblood                Tmut           2%         N/A       28%         2
 Summon Lightning Spire   Summ/Air       13%        N/A       41%         4
 Airstrike                Air            1%         2d(1-17)  88%         4
 Summon Hydra             Summ           12%        N/A       100%        7


Dungeon Overview and Level Annotations

Branches:
Dungeon (5/15)              Sewer (visited)
 Temple: D:4-7

Altars:

Annotations:
D:5 Pikel


Innate Abilities, Weirdness & Mutations

((You are very nimble when in or above water. (Stealth+, EV+, Speed+++)))
Your lower body shifts to a powerful aquatic tail in water.


Message History

You hit Pikel.
Pikel is severely wounded.
Your hound barely misses the lemure.
Pikel closely misses you.
You puncture Pikel!
Pikel is severely wounded.
Your hound bites the lemure.
The lemure closely misses you.
Your cerulean imp hits Pikel but does no damage.
The lemure closely misses you.
Pikel hits your cerulean imp with a +0 whip of freezing!
Pikel freezes your cerulean imp.
Your hound bites the lemure but does no damage.
You hit Pikel.
Pikel is almost dead.
Your cerulean imp closely misses Pikel.
The lemure barely misses you. The lemure hits you!
* * * LOW HITPOINT WARNING * * *
Your hound barely misses the lemure.
Pikel hits you with a +0 whip of freezing!
* * * LOW HITPOINT WARNING * * *
Pikel freezes you.
* * * LOW HITPOINT WARNING * * *
You barely miss Pikel.
Pikel is almost dead.
Your hound bites the lemure.
The lemure hits you!
* * * LOW HITPOINT WARNING * * *
The lemure barely misses you. The lemure closely misses you.
Your cerulean imp hits Pikel but does no damage.
Pikel hits you with a +0 whip of freezing!
* * * LOW HITPOINT WARNING * * *
Pikel freezes you.
* * * LOW HITPOINT WARNING * * *
You hit Pikel.
Pikel is almost dead.
Your hound bites the lemure.
The lemure hits you but does no damage. The lemure barely misses you.
Your cerulean imp misses Pikel.
You closely miss Pikel.
Pikel is almost dead.
Your hound closely misses the lemure.
Pikel closely misses you. The lemure hits you.
You die...

##############
##.....##.....##
##...?..........##
#................#
#................#
#................#
#................#
#.............55.#
#.............K@h#
##...........555##
##............##
######.#...###
##..###.# ###..##
#.# ## #...## #..
.####.### ##.
......## .#


You could see Pikel (ally target), 4 lemures, a friendly hound (summoned) and a
friendly cerulean imp (summoned).

Vanquished Creatures
  4 adders
  A river rat (D:5)
  3 worms
  4 ball pythons
  3 bats (Sewer)
  2 endoplasms (D:2)
  2 giant cockroaches (D:2)
  A jackal (D:1)
  A frilled lizard (D:1)
  3 goblins
  A kobold (D:2)
  4 rats
29 creatures vanquished.

Vanquished Creatures (collateral kills)
  Pargi (Sewer)
  A scorpion (D:5)
  3 worms (D:2)
  4 endoplasms
  10 goblins
  6 hobgoblins
  2 jackals (D:1)
  A quokka (D:3)
  2 ball pythons
  6 bats
  A frilled lizard (D:1)
  3 rats
40 creatures vanquished.

Grand Total: 69 creatures vanquished

Notes
Turn   | Place    | Note
-------+----------+-------------------------------------------
     0 | D:1      | Cheops the Merfolk Summoner began the quest for the Orb.
     0 | D:1      | Reached XP level 1. HP: 13/13 MP: 3/3
   197 | D:1      | Reached XP level 2. HP: 19/19 MP: 1/5
   968 | D:1      | Learned a level 2 spell: Call Imp
  1113 | D:2      | Reached XP level 3. HP: 24/24 MP: 7/7
  1117 | D:2      | Learned a level 3 spell: Call Canine Familiar
  1711 | D:2      | Reached XP level 4. HP: 30/30 MP: 8/8
  1974 | D:2      | Reached skill level 5 in Summonings
  2419 | D:2      | Learned a level 3 spell: Summon Guardian Golem
  2536 | D:3      | You fall into a shaft and drop 2 floors!
  2536 | D:5      | Entered Level 5 of the Dungeon
  2576 | D:5      | Noticed a scorpion
  2589 | D:5      | Noticed a lemure
  2589 | D:5      | Noticed a lemure
  2590 | D:5      | Noticed Pikel
  2594 | D:5      | Killed a scorpion
  2595 | D:5      | Reached XP level 5. HP: 13/35 MP: 1/9
  2609 | D:5      | Reached skill level 6 in Summonings
  2627 | D:5      | Noticed a lemure
  2628 | D:5      | Noticed a lemure
  2646 | D:5      | Found a glowing drain.
  2651 | Sewer    | Entered a sewer
  2745 | Sewer    | Noticed Pargi
  2841 | Sewer    | Killed Pargi
  2842 | Sewer    | Reached XP level 6. HP: 22/41 MP: 6/10
  3165 | D:5      | HP: 2/61 [Pikel/+0 whip of freezing (7)]
  3167 | D:5      | Slain by a lemure

Illustrated notes

Levels and vault maps discovered:
D:1:      nagdon_arrival_zigzag_paths, layout_basic
D:2:      cheibrodos_greedy_goblins, layout_loops_ring
D:3:      layout_loops_cross, zin_angel, shapermc_ecumenical_altar_rom_forum,
          minmay_goblin_kobold_house
D:5:      layout_rooms, mainiacjoe_overflow_tiny_flanked,
          lightli_sewer_entry_pipes, uniq_menkaure, uniq_pikel, uniq_eustachio

Skill      XL: |  1  2  3  4  5 |
---------------+----------------+-----
Spellcasting   | 3 |  3.0
Summonings     | 5 6 |  6.9
Dodging        | |  2.6
Stealth        | |  2.1
Hexes          | |  0.2

Action                     |  1- 3 |  4- 6 || total
---------------------------+-------+-------++-------
  Melee: Dagger            |    26 |       ||    26
         Unarmed           |    11 |       ||    11
         Spear             |    47 |   116 ||   163
         Punch             |     1 |       ||     1
         Tailslap          |       |     3 ||     3
   Cast: Summon Small Mamm |    31 |       ||    31
         Call Canine Famil |     5 |    11 ||    16
         Call Imp          |     3 |     5 ||     8
    Use: Scroll            |       |     5 ||     5
         Potion            |       |     2 ||     2
   Stab: Sleeping          |     3 |     2 ||     5
         Distracted        |     2 |       ||     2
 Armour: Robe              |    18 |    30 ||    48
  Dodge: Dodged            |    68 |   104 ||   172
